 Dungeon Crawl Stone Soup version 0.25.1-2-g60ff931df9 (webtiles) character file.

Game seed: 10683209059896086756

81 MajorAdolf the Skirmisher (level 4, -22/42 HPs)
             Began as a Naga Wanderer on Nov 3, 2020.
             Annihilated by a two-headed ogre
             ... wielding a +0 giant club
              (26 damage)
             ... on level 3 of the Dungeon.
             The game lasted 00:03:51 (2400 turns).

MajorAdolf the Skirmisher (Naga Wanderer)           Turns: 2400, Time: 00:03:51

Health: -22/42     AC:  5    Str: 13    XL:     4   Next: 42%
Magic:  5/5        EV:  7    Int: 11    God:
Gold:   94         SH:  0    Dex: 14    Spells: 4/5 levels left

rFire    . . .     SeeInvis +   a - +3 spear
rCold    . . .     Gourm    .   (no shield)
rNeg     . . .     Faith    .   h - +1 scale mail
rPois    +         Spirit   .   (no helmet)
rElec    .         Reflect  .   s - scarf {+Inv}
rCorr    .         Harm     .   (no gloves)
MR       .....                  (no barding)
Stlth    +.........             (no amulet)
HPRegen  0.14/turn              (no ring)
MPRegen  0.09/turn              (no ring)

@: very slow
A: large, see invisible, deformed body, poison resistance, slowness 2, slow
metabolism 1, spit poison 1, AC +1
a: Spit Poison, Evoke Invisibility


You were on level 3 of the Dungeon.
You were hungry.

You visited 1 branch of the dungeon, and saw 3 of its levels.

You collected 94 gold pieces.

Inventory:

Hand Weapons
 a - a +3 spear (weapon)
 e - a +0 dagger
 r - a +0 club
Armour
 d - a +0 robe
 h - a +1 scale mail (worn)
 s - a scarf of invisibility (worn)
Jewellery
 c - an uncursed ring of magical power
 j - an uncursed amulet of the acrobat {unknown}
 k - a cursed ring of attention {unknown}
Scrolls
 m - a scroll of enchant armour
 p - a scroll of remove curse {unknown}
 q - 2 scrolls of teleportation {unknown}
Potions
 b - a potion of curing
 i - a potion of flight {unknown}
 l - a potion of berserk rage {unknown}
 n - a potion of mutation {unknown}
 o - a potion of lignification {unknown}
Comestibles
 f - 4 rations


   Skills:
 + Level 3.4 Fighting
 - Level 1.0 Polearms
 - Level 1.0 Throwing
 + Level 1.0 Armour
 + Level 2.0 Dodging
 - Level 3.0 Stealth
 - Level 1.0 Spellcasting
 - Level 1.0 Transmutations
   Level 1.0 Air Magic
 + Level 0.0 Evocations


You had 4 spell levels left.
You knew the following spells:

 Your Spells              Type           Power        Failure   Level  Hunger
a - Beastly Appendage     Tmut           #.....       71%         1    ##.....

Your spell library contained the following spells:

 Spells                   Type           Power        Failure   Level  Hunger
 Spider Form              Tmut/Pois      #.........   98%         3    ####...


Dungeon Overview and Level Annotations

Branches:
Dungeon (3/15)

Altars:
Fedhas
Xom


Innate Abilities, Weirdness & Mutations

You cannot wear boots.
Your serpentine skin is tough. (AC +1)
You have supernaturally acute eyesight. (SInv)
Armour fits poorly on your strangely shaped body.
Your system is resistant to poisons. (rPois)
You cover ground very slowly.
You have a slow metabolism.
You can spit poison.


Message History

Quiver which item? (- for none, * to show all) (? for menu, Esc to quit)
Okay, then.
You aren't wearing any rings or amulets.
As you read the scroll labeled MIORRAKONO, it crumbles to dust.
It is a scroll of enchant weapon.
Your +2 spear glows red for a moment.
The hobgoblin shouts!
As you read the scroll labeled FOUCZI AMOD, it crumbles to dust.
It is a scroll of enchant armour.
Really abort (and waste the scroll)? [Y]es or [N]o only, please.
Really abort (and waste the scroll)? [Y]es or [N]o only, please.
Really abort (and waste the scroll)? [Y]es or [N]o only, please.
Really abort (and waste the scroll)?
Your +0 scale mail glows green for a moment.
The two-headed ogre hits you with a +0 giant club!!
Ouch! That really hurt!
You die...

##<......#..#
#####...###.....#
......#.....###...#
....#...###.# #.#
###.##.## #... # #
#.# ###.# #.# .#
#.# # #@#
....g.O........
.g......#######
#.##.#### #. #


You could see a two-headed ogre and 2 hobgoblins.

Vanquished Creatures
  2 adders (D:2)
  2 worms (D:2)
  A dart slug (D:2)
  5 bats
  2 giant cockroaches (D:2)
  3 goblins
  6 hobgoblins
  7 jackals (D:1)
  9 kobolds
  4 quokkas (D:2)
  A ball python (D:1)
  5 frilled lizards
  7 rats
54 creatures vanquished.

Notes
Turn   | Place    | Note
-------+----------+-------------------------------------------
     0 | D:1      | MajorAdolf the Naga Wanderer began the quest for the Orb.
     0 | D:1      | MajorAdolf set off with the following items: a +2 spear, a
                  | potion of curing, a +0 robe, a +0 dagger, a ration; and the
                  | following spell memorised: Beastly Appendage; and the
                  | following spells available to memorise: Spider Form
     0 | D:1      | Reached XP level 1. HP: 18/18 MP: 2/2
   108 | D:1      | Reached XP level 2. HP: 26/26 MP: 3/3
   541 | D:1      | Reached XP level 3. HP: 18/33 MP: 4/4
   779 | D:1      | Found a shimmering altar of Xom.
  1385 | D:2      | Found a blossoming altar of Fedhas.
  1526 | D:2      | Reached XP level 4. HP: 40/42 MP: 5/5
  1863 | D:2      | Reached skill level 1 in Armour
  2396 | D:3      | Noticed a two-headed ogre
  2400 | D:3      | Annihilated by a two-headed ogre

Illustrated notes

Levels and vault maps discovered:
D:1:      dpeg_arrival_windows_large_door, layout_basic, xom_teletrap_fun
D:2:      layout_loops_ring, chequers_mini_garden, lemuel_altar_in_water
D:3:      minmay_general_purpose_star, layout_loops_ring, lemuel_doored_altar,
          old_standard_altar, first_ration, uniq_ijyb, uniq_crazy_yiuf_cottage

Skill      XL: |  1  2  3  4 |
---------------+-------------+-----
Fighting       | 2 3 |  3.4
Armour         | 1 |  1.0
Dodging        | 2 |  2.0
Polearms       | |  1.0
Throwing       | |  1.0
Stealth        | |  3.0
Spellcasting   | |  1.0
Transmutations | |  1.0
Air Magic      | |  1.0

Action                   |  1- 3 |  4- 6 || total
-------------------------+-------+-------++-------
Melee: Spear             |   133 |    45 ||   178
 Abil: Spit Poison       |     1 |     3 ||     4
  Use: Scroll            |     1 |     2 ||     3
 Stab: Sleeping          |     5 |       ||     5
  Eat: Chunk             |     1 |     2 ||     3
Armor: Scale mail        |    31 |    20 ||    51
       Robe              |     1 |       ||     1
Dodge: Dodged            |    51 |    19 ||    70
